AoeStats
← majostgr

Runestones

508055125Analyzed
1v1 RM · 10d ago on Sep 20, 2026· 36m 20s· 2 players
Game mode
Random Map
Map size
Tiny (2 player)
Population
200
Speed
Normal
Resources
Standard
Victory
Conquest
Starting age
Dark Age
Ending age
Imperial Age
RankedLock teamsTeams togetherTeam positionsShared explorationLock speedFull tech treeHidden civsTurbo modeCheats
Victory
Defeat
🇸🇰 Burgundians · Slovakia
1073
+14
🇺🇸 Japanese · United States
1033
-14
HolyP1404
7:23 Loom
9:51 Feudal Age
10:23 Double-Bit Axe
10:22 Man-at-Arms
15:13 Fletching
20:07 Padded Archer Armor
23:28 Castle Age
23:39 Pikeman
24:44 Crossbowman
26:21 Scale Barding Armor
26:21 Scale Mail Armor
30:59 Bow Saw
30:49 Elite Skirmisher
31:38 Squires
33:31 Wheelbarrow
33:06 Bodkin Arrow
majostgr
7:59 Loom
10:04 Feudal Age
8:30 Double-Bit Axe
17:21 Wheelbarrow
20:20 Castle Age
18:34 Gold Mining
19:35 Bow Saw
20:32 Cavalier
21:13 Crossbowman
24:22 Scale Barding Armor
24:08 Fletching
24:29 Forging
25:59 Bodkin Arrow
27:58 Chain Barding Armor
28:28 Elite Skirmisher
33:17 Horse Collar
36:05 Hand Cart
35:53 Heavy Plow
35:47 Stone Mining
Connection lost

Rejoining the realm…

Still unreachable

The connection could not be restored.

Session expired

The server has moved on; the page needs a fresh start.